[Event "*** Titled Tuesday Blitz"]
[Site "Chess.com"]
[Date "2020.04.14"]
[Round "3"]
[White "Revnov"]
[Black "Natalya_Buksa"]
[Result "1-0"]
[WhiteElo "2768"]
[BlackElo "2469"]
[TimeControl "180+1"]
[EndTime "10:27:02 PDT"]
[Termination "Revnov won by resignation"]

1. e4 c5 2. Nf3 Nc6 3. d4 cxd4 4.
Nxd4 Nf6 5. Nc3 e5 6. Ndb5 d6 7. Bg5 a6 8. Na3 b5 9. Nd5 Be7 10. Bxf6 Bxf6 11. c3 Bg5 12. Nc2 Rb8 13. Be2 O-O 14. O-O Be6 15. Qd3 a5 16. Rfd1 b4 17. Qa6 Qc8 18. Nde3 bxc3 19. bxc3 Qxa6 20. Bxa6 Rfd8 21.
a4 g6 22. Bb5 Ne7 23. c4 f5 24. exf5 gxf5 25. Nd5 Bxd5 26. cxd5 Rdc8 27. Na3 Rc5 28. Nc4 Rxd5 29. Nxd6 Rf8 30. Rxd5 Nxd5 31. Bc4 Be7 32. Bxd5+ Kg7 33. Nb5 Bb4 34. Rd1 Rd8 35.
g3 e4 36. Bb3 Rc8 37. Rd7+ Kf6 38. Nc7 Ke5 39. Kg2 f4 40. gxf4+ Kxf4 41. Rxh7 Ke5 42. h4 Rg8+ 43. Bxg8 1-0

[Event "*** Titled Tuesday Blitz"]
[Site "Chess.com"]
[Date "2020.04.14"]
[Round "3"]
[White "LordIron"]
[Black "ninullia"]
[Result "0-1"]
[WhiteElo "2211"]
[BlackElo "2471"]
[TimeControl "180+1"]
[EndTime "10:27:02 PDT"]
[Termination "ninullia won by resignation"]

1. d4 d5 2. Nf3 Nf6 3. e3 c5 4. b3 Nc6 5. Bb2 cxd4 6. exd4 Bg4 7. Nbd2 e6 8. a3 Bd6 9. Be2 O-O 10. O-O Rc8 11. Ne5 Bf5 12. c4 Bb8 13. Ndf3 Ne4 14. Nxc6 bxc6 15. c5 Qc7 16. g3 f6 17. b4 Qf7 18.
Re1 Bh3 19. Bf1 Bg4 20. h3 Bxf3 21. Qxf3 Nd2 22. Qg4 Nxf1 23. Rxf1 e5 24. Rae1 e4 25. f4 exf3 26. Rxf3 f5 27. Qh4 Rce8 28. Rfe3 Rxe3 29. Rxe3 f4 30. Rf3 Qg6 31. Bc3 Re8 32. Rf1 h6 33. g4 Kh7 34. Qf2 Re3 35. Bd2 Rxh3 36. Bxf4 Qxg4+ 0-1

[Event "*** Titled Tuesday Blitz"]
[Site "Chess.com"]
[Date "2020.04.14"]
[Round "3"]
[White "Promacherr"]
[Black "garicradomir"]
[Result "1/2-1/2"]
[WhiteElo "2603"]
[BlackElo "2390"]
[TimeControl "180+1"]
[EndTime "10:27:03 PDT"]
[Termination "Game drawn by repetition"]

1. d4 Nf6 2. c4 Nc6 3. Nf3 e6 4. Nc3 Bb4 5. g3 d6 6. Bg2 O-O 7. O-O e5 8. dxe5 dxe5 9. Qb3 a5 10. Rd1 Qe7 11. Bg5 Bxc3 12. Qxc3 h6 13. Bc1 Bg4 14. h3 Bxf3 15. Bxf3 Nd4 16. Re1 c6 17. Bg2 Qb4 18.
Bd2 Qxc3 19. Bxc3 Nc2 20. Bxe5 Nxa1 21. Rxa1 Rfe8 22. Bxf6 gxf6 23. e3 Rad8 24. Rb1 Rd2 25. Kf1 Red8 26. Bf3 Rc2 27. Bd1 Rxc4 28. Bb3 Rb4 29.
Ke2 Kg7 30. Bc2 Rd5 31. a3 Rb6 32. b3 Rc5 33. Bd1 Rd5 34. Bc2 Rbb5 35. Bd3 Rb6 36. Bc2 1/2-1/2

[Event "*** Titled Tuesday Blitz"]
[Site "Chess.com"]
[Date "2020.04.14"]
[Round "3"]
[White "CalinGheorghiu"]
[Black "gmjoey1"]
[Result "1/2-1/2"]
[WhiteElo "2337"]
[BlackElo "2557"]
[TimeControl "180+1"]
[EndTime "10:27:03 PDT"]
[Termination "Game drawn by repetition"]

1. e4 c6 2. Nc3 d5 3. Nf3 dxe4 4. Nxe4 Nf6 5. Nxf6+ exf6 6. d4 Bd6 7. Bd3 O-O 8. h3 Re8+ 9. Be3 Bf4 10. Qd2 Qe7 11. Ke2 Nd7 12. Rhe1 Bxe3 13. fxe3 Nf8 14.
Kf1 Qd6 15. Kg1 Ng6 16. c4 c5 17. d5 Bd7 18. Bxg6 hxg6 19. e4 Re7 20. Re2 Rae8 21. Rae1 Qg3 22. Kh1 Bxh3 23. d6 Rd7 24. Re3 Rxd6 25.
Qc2 Be6 26. e5 fxe5 27. Nxe5 Qh4+ 28. Kg1 Bf5 29. Qa4 Ree6 30. Qxa7 Qd4 31. Kh1 Qh4+ 32. Kg1 Qd4 33. Kh1 Qh4+ 34. Kg1 1/2-1/2

[Event "*** Titled Tuesday Blitz"]
[Site "Chess.com"]
[Date "2020.04.14"]
[Round "3"]
[White "BahadirOzen"]
[Black "Bad_left_hook"]
[Result "1-0"]
[WhiteElo "2834"]
[BlackElo "2567"]
[TimeControl "180+1"]
[EndTime "10:27:05 PDT"]
[Termination "BahadirOzen won by resignation"]

1. Nf3 Nf6 2. c4 g6 3. Nc3 d5 4. cxd5 Nxd5 5. e4 Nb6 6. h3 Bg7 7. d4 O-O 8. Be2 a5 9. O-O Nc6 10.
Be3 a4 11. d5 Na5 12. Bd4 Bd7 13. Bxg7 Kxg7 14. Qd4+ Kg8 15. Rfd1 Qc8 16. e5 Rd8 17.
Qh4 Re8 18. Ng5 h5 19. Bxh5 Kg7 20. Be2 Rh8 21. Qf4 f6 22. e6 Be8 23. Nf3 Qd8 24.
Rac1 Nc8 25. Ne4 Nd6 26. Nxd6 cxd6 27. Qb4 g5 28. Nd4 Bg6 29. Bd3 Rh4 30. Bxg6 Kxg6 31. Qxa4 Qb6 32. Qc2+ Kg7 33. Nf5+ 1-0

[Event "*** Titled Tuesday Blitz"]
[Site "Chess.com"]
[Date "2020.04.14"]
[Round "3"]
[White "anesar92"]
[Black "atalz0"]
[Result "1/2-1/2"]
[WhiteElo "2687"]
[BlackElo "2396"]
[TimeControl "180+1"]
[EndTime "10:27:05 PDT"]
[Termination "Game drawn by repetition"]

1. e4 d5 2. exd5 Nf6 3. d4 Nxd5 4.
Nf3 Bg4 5. c4 Nb6 6. c5 N6d7 7.
Qb3 Bxf3 8. Qxf3 Nc6 9. Bc4 e6 10. Be3 Qf6 11. Qxf6 Nxf6 12. Bb5 O-O-O 13. Bxc6 bxc6 14.
Nd2 Nd5 15. Ke2 g6 16. Nc4 Bg7 17. Rhd1 Rhe8 18. f4 Nxe3 19. Kxe3 Rd5 20. Rd3 Red8 21. Rad1 h6 22. Na5 Kd7 23. Rb3 g5 24. g3 gxf4+ 25. gxf4 Rh5 26. Rb7 Rh3+ 27. Kf2 Rxh2+ 28. Kg3 Re2 29.
Rxa7 Rxb2 30. Nc4 Rb4 31. Ne5+ Bxe5 32. dxe5+ Ke8 33. Rxd8+ Kxd8 34. Ra8+ Kd7 35. Rf8 Ke7 36. Rc8 Rb7 37. Kg4 Ra7 38. Kh5 Kd7 39. Rf8 Ke7 40.
Rc8 Kd7 41. Rf8 Ke7 42. Rc8 1/2-1/2

[Event "*** Titled Tuesday Blitz"]
[Site "Chess.com"]
[Date "2020.04.14"]
[Round "3"]
[White "Bastiandash"]
[Black "semchik73"]
[Result "1-0"]
[WhiteElo "2062"]
[BlackElo "2283"]
[TimeControl "180+1"]
[EndTime "10:27:05 PDT"]
[Termination "Bastiandash won by checkmate"]

1. d4 d5 2. Nf3 c6 3. c3 Nf6 4. Bg5 Ne4 5. Bf4 e6 6. Nbd2 Bd6 7. e3 Bxf4 8. exf4 f5 9. Ne5 O-O 10. Bd3 Qh4 11. g3 Qh3 12. Bf1 Qh6 13. Bg2 Nd7 14.
Ndf3 g5 15. fxg5 Nxg5 16. Nxg5 Qxg5 17. f4 Qg7 18. O-O Nxe5 19. fxe5 Bd7 20. Rf4 Be8 21.
Qe2 Qg5 22. Kh1 Bh5 23. Bf3 Bxf3+ 24. Qxf3 Rf7 25. Rg1 Raf8 26. g4 fxg4 27. Rgxg4 Rxf4 28. Rxg5+ Kh8 29. Qg3 Rf1+ 30. Kg2 R1f7 31. h4 h6 32. Rg6 Kh7 33. Rxe6 Rg7 34. Qxg7+ Kxg7 35. Re7+ Kg6 36. Rxb7 Ra8 37. Kg3 Kf5 38. Kf3 Rg8 39. Rxa7 Rg1 40. Rf7+ Ke6 41. Rf6+ Ke7 42. Rxc6 Rb1 43. Rd6 Rxb2 44.
Rxd5 Rxa2 45. Rc5 Rd2 46. Kg4 Kf7 47. Kh5 Kg7 48. Rc7+ Kg8 49. Kxh6 Rd3 50. h5 Re3 51. Kg6 Kf8 52. Kf6 Rg3 53. Rc8# 1-0

[Event "*** Titled Tuesday Blitz"]
[Site "Chess.com"]
[Date "2020.04.14"]
[Round "3"]
[White "Lestofante90"]
[Black "SCIM"]
[Result "1/2-1/2"]
[WhiteElo "2776"]
[BlackElo "2584"]
[TimeControl "180+1"]
[EndTime "10:27:06 PDT"]
[Termination "Game drawn by repetition"]

1. e4 c5 2. Nf3 e6 3. d4 cxd4 4.
Nxd4 Nc6 5. Nc3 Qc7 6. g3 a6 7.
Bg2 Nf6 8. O-O Nxd4 9. Qxd4 Bc5 10. Bf4 d6 11. Qd2 h6 12. Rad1 e5 13. Be3 Bb4 14. a3 Bxc3 15. Qxc3 Qxc3 16. bxc3 Ke7 17. Bb6 Be6 18.
Rd2 Rac8 19. Rfd1 Rxc3 20. Rxd6 Rxc2 21. Bd8+ Kf8 22. Rb6 Kg8 23. Rxb7 Kh7 24. f3 Rxd8 25. Rxd8 Rc1+ 26. Kf2 Rc2+ 27. Kg1 Rc1+ 28. Kf2 Rc2+ 29. Kg1 1/2-1/2

[Event "*** Titled Tuesday Blitz"]
[Site "Chess.com"]
[Date "2020.04.14"]
[Round "3"]
[White "nonscitis"]
[Black "GusKan67"]
[Result "1-0"]
[WhiteElo "2677"]
[BlackElo "2415"]
[TimeControl "180+1"]
[EndTime "10:27:06 PDT"]
[Termination "nonscitis won by resignation"]

1. d4 Nf6 2. c4 e6 3. Nf3 c5 4. d5 d6 5. Nc3 exd5 6. cxd5 g6 7. Bf4 Bg7 8. h3 O-O 9. e3 a6 10. a4 Qe7 11. Nd2 Nh5 12. Bh2 Be5 13. Bxe5 Qxe5 14.
Be2 Ng7 15. Nc4 Qe7 16. O-O Nd7 17. a5 Rb8 18. Rb1 b5 19. axb6 Nxb6 20. Na5 Bd7 21. Ra1 Ra8 22. Nc6 Bxc6 23. dxc6 Qc7 24. Bxa6 Qxc6 25.
Bb5 Qc7 26. b3 Rxa1 27. Qxa1 d5 28. Rd1 Rd8 29. Qa5 Qb7 30. Ba6 Qc6 31. Na4 Rb8 32. Qxc5 Qa8 33. Nxb6 Qxa6 34. Nxd5 Ne6 35. Qc3 Rc8 36.
Qxc8+ 1-0

[Event "*** Titled Tuesday Blitz"]
[Site "Chess.com"]
[Date "2020.04.14"]
[Round "3"]
[White "MisaPap"]
[Black "GMBenjaminBok"]
[Result "0-1"]
[WhiteElo "2653"]
[BlackElo "2886"]
[TimeControl "180+1"]
[EndTime "10:27:07 PDT"]
[Termination "GMBenjaminBok won by resignation"]

1. e4 c5 2. c3 Nf6 3. e5 Nd5 4.
Nf3 Nc6 5. d4 cxd4 6. cxd4 d6 7.
Bc4 dxe5 8. Nxe5 e6 9. O-O Be7 10. Nc3 Nxc3 11. bxc3 Nxe5 12. dxe5 Qxd1 13. Rxd1 Bd7 14.
Rb1 Bc6 15. Bb5 Bxb5 16. Rxb5 b6 17. a4 Bc5 18. Be3 Bxe3 19. fxe3 Rc8 20. a5 Rxc3 21. axb6 axb6 22. Rxb6 O-O 23. Kf2 Rc5 24. Rbd6 Rxe5 25. Rd8 g6 26. h4 Rxd8 27. Rxd8+ Kg7 28. Kf3 Rf5+ 29. Ke2 Ra5 30. g3 Kf6 31. Rd7 h6 32. Kf3 Rf5+ 33. Ke2 Rd5 34. Rc7 Rd8 35. Kf3 Re8 36. Kf2 Re7 37. Rc5 Ra7 38. Kf3 Ra4 39.
Rc7 g5 40. hxg5+ hxg5 41. Rb7 g4+ 42. Kf2 Kg6 43. Rc7 f6 44. Rc5 e5 45. Rc8 Kf5 46.
Rf8 Ra2+ 47. Kf1 Ra6 48. Rg8 Ke4 49. Kf2 Ra2+ 50. Kg1 f5 51. Rg5 Re2 0-1

[Event "*** Titled Tuesday Blitz"]
[Site "Chess.com"]
[Date "2020.04.14"]
[Round "3"]
[White "viditchess"]
[Black "Semen_Khanin"]
[Result "1-0"]
[WhiteElo "2989"]
[BlackElo "2611"]
[TimeControl "180+1"]
[EndTime "10:27:07 PDT"]
[Termination "viditchess won by resignation"]

1. d4 Nf6 2. c4 g6 3. Nc3 d5 4. cxd5 Nxd5 5. e4 Nxc3 6. bxc3 Bg7 7. Be3 c5 8. Nf3 Qa5 9. Qd2 O-O 10. Rc1 Nd7 11.
Bh6 cxd4 12. Bxg7 Kxg7 13. cxd4 Qxd2+ 14. Kxd2 e5 15. dxe5 Re8 16. Bb5 a6 17. Bxd7 Bxd7 18.
Rc7 Bc6 19. Ke3 h6 20. Rd1 Re6 21. Rd6 Rae8 22. Rxe6 Rxe6 23. h4 Re8 24. g4 a5 25. g5 h5 26. Kf4 Kf8 27. Nd4 Rd8 28. Ke3 Rd7 29. Rc8+ Ke7 30. f4 Rd8 31. Rxc6 1-0

[Event "*** Titled Tuesday Blitz"]
[Site "Chess.com"]
[Date "2020.04.14"]
[Round "3"]
[White "earling8018"]
[Black "Enriquack"]
[Result "1-0"]
[WhiteElo "2023"]
[BlackElo "2253"]
[TimeControl "180+1"]
[EndTime "10:27:07 PDT"]
[Termination "earling8018 won by resignation"]

1. d4 Nf6 2. c4 g6 3. Nc3 d5 4. cxd5 Nxd5 5. g3 Bg7 6. Bg2 Nb6 7. e3 O-O 8. Nge2 Nc6 9. O-O e5 10. d5 Na5 11. b3 Bg4 12. Ba3 Re8 13. Rc1 Qd7 14.
Qd2 c6 15. Bb4 cxd5 16. Bxa5 d4 17. Ne4 Nd5 18. exd4 exd4 19. Nxd4 Bh3 20. Nc5 Qg4 21.
Bxh3 Qxh3 22. Nxb7 Bh6 23. Qd3 Nf4 24. Qf3 1-0

[Event "*** Titled Tuesday Blitz"]
[Site "Chess.com"]
[Date "2020.04.14"]
[Round "3"]
[White "Jagerrmeisterr"]
[Black "MosheFriedland"]
[Result "1-0"]
[WhiteElo "2686"]
[BlackElo "2379"]
[TimeControl "180+1"]
[EndTime "10:27:08 PDT"]
[Termination "Jagerrmeisterr won by resignation"]

1. e4 c5 2. Nc3 a6 3. g4 b5 4. Bg2 Bb7 5. d3 e6 6. Nh3 d5 7. exd5 Nf6 8. O-O Nxd5 9. Ne4 Be7 10. c4 Nb4 11. Be3 Nd7 12. Nd6+ Bxd6 13. Bxb7 Rb8 14.
Bg2 Ne5 15. cxb5 axb5 16. d4 Nc4 17. Bg5 Qc7 18. b3 Nb2 19. Qd2 N2d3 20. a3 Bxh2+ 21. Kh1 h6 22. Be3 cxd4 23. Bxd4 Rd8 24. Bxg7 Rg8 25.
Bf6 Rd7 26. axb4 1-0

[Event "*** Titled Tuesday Blitz"]
[Site "Chess.com"]
[Date "2020.04.14"]
[Round "3"]
[White "PauloCesarCosta_sad"]
[Black "GMJustin"]
[Result "0-1"]
[WhiteElo "2091"]
[BlackElo "2383"]
[TimeControl "180+1"]
[EndTime "10:27:08 PDT"]
[Termination "GMJustin won on time"]

1. Nf3 g6 2. d4 Nf6 3. g3 Bg7 4. Bg2 d5 5. O-O O-O 6. c4 dxc4 7. Na3 c3 8. bxc3 c5 9. Nc4 Nc6 10. Nce5 Be6 11. Nxc6 bxc6 12. Ne5 Bd5 13. Nxc6 Qd6 14. Ne5 Bxg2 15. Kxg2 Ne4 16. Bb2 Rab8 17. Nc4 Qd5 18. Ne3 Qa8 19. Rb1 Nxc3+ 20. Kg1 Nxd1 21. Nxd1 cxd4 22.
Rc1 Rfc8 23. Ba3 e5 24. Rxc8+ Rxc8 25. Bd6 Qd5 26. Bb4 a5 27. Bd2 Qxa2 0-1

[Event "*** Titled Tuesday Blitz"]
[Site "Chess.com"]
[Date "2020.04.14"]
[Round "3"]
[White "KarpovVadim"]
[Black "artooon"]
[Result "1/2-1/2"]
[WhiteElo "2397"]
[BlackElo "2688"]
[TimeControl "180+1"]
[EndTime "10:27:09 PDT"]
[Termination "Game drawn by repetition"]

1. Nf3 Nf6 2. c4 e6 3. d4 d5 4.
Nc3 c6 5. e3 Nbd7 6. Bd3 Bd6 7.
O-O O-O 8. e4 dxe4 9. Nxe4 Nxe4 10. Bxe4 Nf6 11. Bc2 c5 12. Be3 Qc7 13. Qe2 b6 14. dxc5 Bxc5 15. Bxc5 Qxc5 16. Rad1 Bb7 17. Ne5 Rfd8 18. h3 a6 19. b3 h6 20. Rfe1 a5 21.
Nd3 Qc6 22. f3 a4 23. Ne5 Qc5+ 24. Qf2 Rxd1 25. Bxd1 axb3 26. Qxc5 bxc5 27. axb3 Kf8 28. Re2 Ra1 29. Rd2 Ke7 30. Kf2 Rb1 31. h4 g5 32.
hxg5 hxg5 33. g3 g4 34. Nxg4 Nxg4+ 35. fxg4 Kf6 36. Rd7 Bc6 37. Rd6 Be4 38. Ke3 Ke5 39. Rd8 Rb2 40. Rd7 Rg2 41. Rxf7 Rxg3+ 42. Kd2 Rg2+ 43. Ke3 Rg3+ 44. Kd2 Rg2+ 45. Ke3 Rg3+ 1/2-1/2

[Event "*** Titled Tuesday Blitz"]
[Site "Chess.com"]
[Date "2020.04.14"]
[Round "3"]
[White "benhal"]
[Black "H3nriqueTV"]
[Result "0-1"]
[WhiteElo "2468"]
[BlackElo "2237"]
[TimeControl "180+1"]
[EndTime "10:27:10 PDT"]
[Termination "H3nriqueTV won by resignation"]

1. e4 c5 2. Nf3 b6 3. d4 cxd4 4.
Nxd4 Bb7 5. Nc3 a6 6. f3 e6 7. Be3 Qc7 8. a3 Nf6 9. Qd2 d6 10. O-O-O Nbd7 11. Kb1 Be7 12. g4 Ne5 13. g5 Nfd7 14. h4 Nc4 15. Bxc4 Qxc4 16. f4 b5 17. f5 Rc8 18. fxe6 fxe6 19. Rhf1 Nc5 20. b3 Nxb3 21. cxb3 Qxc3 22. Qe2 Bxe4+ 23. Ka2 Qa5 24. b4 Qa4 25. Rc1 Kd7 26. Qg4 Bd5+ 27. Kb2 Rhf8 28. Rxc8 Rxc8 29. Bf4 Rc4 30. Bxd6 0-1

[Event "*** Titled Tuesday Blitz"]
[Site "Chess.com"]
[Date "2020.04.14"]
[Round "3"]
[White "rynos0411"]
[Black "Belgrade"]
[Result "1-0"]
[WhiteElo "2414"]
[BlackElo "2071"]
[TimeControl "180+1"]
[EndTime "10:27:11 PDT"]
[Termination "rynos0411 won by resignation"]

1. e4 e6 2. d4 d5 3. exd5 exd5 4. Bd3 Nc6 5. c3 Bd6 6. Ne2 Nge7 7. Qc2 h6 8. O-O Bg4 9. f3 Bh5 10. Nf4 Bxf4 11. Bxf4 O-O 12. a4 Bg6 13. Na3 Bxd3 14. Qxd3 Ng6 15. Bg3 a6 16. Nc2 Qd7 17. Rfe1 Rfe8 18.
b4 f5 19. Ne3 f4 20. Qxg6 fxe3 21. Qd3 Ne7 22. Rxe3 Nf5 23. Rxe8+ Rxe8 24. Be5 Rf8 25. Re1 Nh4 26. b5 Rxf3 27. gxf3 Qh3 28. Qe2 Nxf3+ 29. Kf2 Nxe1 30. Kxe1 Qxc3+ 31. Kf2 1-0

[Event "*** Titled Tuesday Blitz"]
[Site "Chess.com"]
[Date "2020.04.14"]
[Round "3"]
[White "ChesterF"]
[Black "manuellarrea"]
[Result "1-0"]
[WhiteElo "2508"]
[BlackElo "2110"]
[TimeControl "180+1"]
[EndTime "10:27:12 PDT"]
[Termination "ChesterF won by resignation"]

1. d4 Nf6 2. c4 e6 3. Nc3 d5 4.
cxd5 exd5 5. Bg5 c6 6. e3 Bd6 7.
Bd3 Nbd7 8. Qc2 Nf8 9. Nf3 Ng6 10. O-O-O h6 11. Bxf6 Qxf6 12. e4 dxe4 13. Nxe4 Qf4+ 14. Kb1 O-O 15. Rhe1 Bg4 16. Re3 Bb4 17. h3 Be6 18. a3 Be7 19. Nc3 Qf6 20. Rde1 Nf4 21. Bh7+ Kh8 22. Ne4 1-0

[Event "*** Titled Tuesday Blitz"]
[Site "Chess.com"]
[Date "2020.04.14"]
[Round "3"]
[White "almo64"]
[Black "Saxar85"]
[Result "1-0"]
[WhiteElo "2829"]
[BlackElo "2616"]
[TimeControl "180+1"]
[EndTime "10:27:13 PDT"]
[Termination "almo64 won by resignation"]

1. e4 e5 2. Nf3 Nc6 3. Bb5 a6 4. Ba4 Nf6 5. O-O Be7 6. Bxc6 dxc6 7. d3 Bd6 8. Nc3 O-O 9. Bg5 h6 10. Bh4 Bg4 11. h3 Bh5 12. g4 Bg6 13. Nd2 Re8 14.
Nc4 b5 15. Ne3 Be7 16. Bg3 Nd7 17. f4 exf4 18. Bxf4 Bg5 19. Qf3 Ne5 20. Qg3 Qe7 21. Nf5 Bxf5 22. gxf5 Kh7 23. Bxe5 Qxe5 24. Qxe5 Rxe5 25.
Kg2 c5 26. b3 c6 27. a4 c4 28. d4 Ree8 29. Kf3 Bd2 30. Ne2 Rad8 31. axb5 axb5 32. bxc4 bxc4 33. Ra4 c3 34. Rc4 Rd6 35. e5 Rd5 36. Rxc6 Rb8 37. Ke4 Rdd8 38. Kd3 Rb4 39. Rc4 Rb2 40.
Nxc3 Bg5 41. Ne4 Be7 42. Rc7 Rb4 43. c3 1-0

[Event "*** Titled Tuesday Blitz"]
[Site "Chess.com"]
[Date "2020.04.14"]
[Round "3"]
[White "ntmh281"]
[Black "avantage_ru"]
[Result "0-1"]
[WhiteElo "2302"]
[BlackElo "2557"]
[TimeControl "180+1"]
[EndTime "10:27:15 PDT"]
[Termination "avantage_ru won on time"]

1. d4 Nf6 2. Nf3 g6 3. g3 Bg7 4. Bg2 O-O 5. O-O c5 6. Nc3 cxd4 7. Nxd4 Nc6 8. e4 Nxe4 9. Nxc6 Nxc3 10. Nxd8 Nxd1 11. Nxb7 Nxb2 12. Rb1 Na4 13. Nc5 Nxc5 14. Bxa8 Ba6 15. Bf3 Bxf1 16. Kxf1 Rc8 17. Ba3 Bf6 18. c4 d6 19. Bg4 Rc6 20. Ke2 Ra6 21. Bc1 Rxa2+ 22.
Kf1 h5 23. Bf3 Bd4 24. Be3 Bxe3 25. fxe3 f5 26. Bd5+ Kg7 27. Rb8 a5 28. Rg8+ Kf6 29. h4 a4 30. Ra8 a3 0-1

[Event "*** Titled Tuesday Blitz"]
[Site "Chess.com"]
[Date "2020.04.14"]
[Round "3"]
[White "blitzking1729"]
[Black "fmshawnrl123"]
[Result "1-0"]
[WhiteElo "2591"]
[BlackElo "2766"]
[TimeControl "180+1"]
[EndTime "10:27:16 PDT"]
[Termination "blitzking1729 won by resignation"]

1. d4 Nf6 2. c4 e6 3. Nf3 d5 4.
Nc3 Bb4 5. Qa4+ Nc6 6. e3 O-O 7. Bd2 Re8 8. Bd3 dxc4 9. Bxc4 a6 10. O-O Bd7 11. Qc2 Bd6 12. a3 e5 13. d5 Na5 14.
Bd3 b5 15. Ne4 Nxe4 16. Bxe4 g6 17. Bxa5 f5 18. Bd3 e4 19. Be2 exf3 20. Bxf3 f4 21. exf4 Bxf4 22. Rfe1 Qf6 23. Bc3 Qf8 24. Qd3 Rxe1+ 25.
Rxe1 Re8 26. Rxe8 Bxe8 27. Qd4 Bh6 28. Qh8+ Kf7 29. Qxh7+ Bg7 30. Be4 1-0

[Event "*** Titled Tuesday Blitz"]
[Site "Chess.com"]
[Date "2020.04.14"]
[Round "3"]
[White "FeketeBarika"]
[Black "Valuebet2000"]
[Result "0-1"]
[WhiteElo "2306"]
[BlackElo "2546"]
[TimeControl "180+1"]
[EndTime "10:27:16 PDT"]
[Termination "Valuebet2000 won by resignation"]

1. Nf3 Nf6 2. g3 d5 3. Bg2 e6 4. O-O Be7 5. d4 O-O 6. c4 dxc4 7. Qc2 a6 8. a4 Bd7 9. Qxc4 Bc6 10. Bg5 Nbd7 11.
Rd1 h6 12. Bxf6 Nxf6 13. Nc3 Bd5 14. Qd3 Bxf3 15. Bxf3 c6 16. e4 a5 17. b3 Bb4 18.
Rac1 Qb6 19. Kg2 Rfd8 20. Ne2 Rd7 21. Nf4 Rad8 22. Rc4 e5 23. Ne2 exd4 24. e5 Nd5 25. e6 fxe6 26. Qe4 c5 27. Bg4 Re7 28. Bf3 Nf6 29.
Qd3 e5 30. Be4 Rf8 31. Nc1 Ref7 32. Bf3 e4 33. Bxe4 Nxe4 34. Qxe4 Rxf2+ 35. Kg1 Qf6 36. Qd3 Qc6 0-1

[Event "*** Titled Tuesday Blitz"]
[Site "Chess.com"]
[Date "2020.04.14"]
[Round "3"]
[White "Willychess95"]
[Black "Sychev_Klementy"]
[Result "0-1"]
[WhiteElo "2643"]
[BlackElo "2885"]
[TimeControl "180+1"]
[EndTime "10:27:18 PDT"]
[Termination "Sychev_Klementy won by resignation"]

1. e4 e5 2. Nf3 Nc6 3. Bc4 Nf6 4. Ng5 d5 5. exd5 Na5 6. Bb5+ c6 7. dxc6 bxc6 8. Qf3 cxb5 9. Qxa8 Be7 10. Qf3 O-O 11. Nc3 Bb7 12. Qe2 Nc6 13. Qxb5 Ba8 14.
O-O Nd4 15. Qd3 Qc8 16. Nce4 Nxe4 17. Nxe4 Nxc2 18. Rb1 Rd8 19. Qe2 Nd4 20. Qd3 f5 21. f3 fxe4 22. fxe4 Qg4 23. Re1 Rf8 24. Kh1 Rf2 25. Qc4+ Kh8 26. Rg1 Bxe4 27. Qc8+ Qxc8 0-1

[Event "*** Titled Tuesday Blitz"]
[Site "Chess.com"]
[Date "2020.04.14"]
[Round "3"]
[White "platy3"]
[Black "Kavyev_Ruslan"]
[Result "1-0"]
[WhiteElo "2742"]
[BlackElo "2527"]
[TimeControl "180+1"]
[EndTime "10:27:18 PDT"]
[Termination "platy3 won by resignation"]

1. e4 c5 2. Nf3 d6 3. d4 cxd4 4. Nxd4 Nf6 5. Nc3 a6 6. g3 Qc7 7. Bg2 e6 8. O-O Be7 9. f4 Nc6 10. Nxc6 bxc6 11. Na4 Bb7 12. c4 c5 13. Qe2 Nd7 14.
b3 O-O 15. Bb2 Bf6 16. Rad1 Bxb2 17. Qxb2 Rad8 18. Qd2 Nb8 19. Qf2 Nc6 20. e5 Nd4 21. exd6 Rxd6 22. Bxb7 Qxb7 23. Nxc5 Nf3+ 24. Kh1 Qc6 25.
Rxd6 Qxd6 26. Ne4 Qa3 27. Qxf3 Qxa2 28. Qd3 Rb8 29. Rf3 h6 30. c5 a5 31. Rf2 Qa1+ 32. Kg2 Qa3 33. c6 Rxb3 34. Qc2 1-0

[Event "*** Titled Tuesday Blitz"]
[Site "Chess.com"]
[Date "2020.04.14"]
[Round "3"]
[White "fabianvivasz"]
[Black "IvanRadivojevic"]
[Result "0-1"]
[WhiteElo "2225"]
[BlackElo "2525"]
[TimeControl "180+1"]
[EndTime "10:27:19 PDT"]
[Termination "IvanRadivojevic won by resignation"]

1. e4 c6 2. Nf3 d5 3. Nc3 Nf6 4. e5 Ne4 5. Ne2 Qb6 6. d4 e6 7.
Nfg1 f6 8. f3 Ng5 9. Bxg5 fxg5 10.
b3 c5 11. c3 Nc6 12. a3 Bd7 13. h4 gxh4 14. Rxh4 Be7 15. Rg4 g6 16. f4 O-O-O 17.
Nf3 Rdf8 18. Qc2 Kb8 19. b4 cxd4 20. Nexd4 Nxd4 21. cxd4 Rc8 22. Qb2 Bb5 23. Nd2 Bxf1 24. Nxf1 Rhf8 25. Qd2 Rc4 26. Rd1 Rxb4 27. Ne3 Rb2 28.
Qd3 Qa5+ 29. Kf1 Qxa3 30. Qxa3 Bxa3 31. Rh4 Be7 32. Rxh7 Rxf4+ 33. Kg1 Bg5 34. Rc1 a6 35. Rh8+ Ka7 36. Rcc8 Rxd4 37. Nf1 Rg4 38. Ra8+ Kb6 39. Rae8 Rbxg2+ 40. Kh1 Rg1+ 41. Kh2 0-1

[Event "*** Titled Tuesday Blitz"]
[Site "Chess.com"]
[Date "2020.04.14"]
[Round "3"]
[White "Teidi96"]
[Black "yudinetz"]
[Result "0-1"]
[WhiteElo "2198"]
[BlackElo "2424"]
[TimeControl "180+1"]
[EndTime "10:27:19 PDT"]
[Termination "yudinetz won on time"]

1. e4 Nf6 2. e5 Nd5 3. d4 d6 4. Nf3 Nb6 5. exd6 cxd6 6. Bd3 g6 7. O-O Bg7 8. c3 O-O 9. Re1 Nc6 10. Bg5 Qc7 11.
Nbd2 f6 12. Be3 e5 13. dxe5 dxe5 14. Nc4 Nd5 15. Bc5 Rd8 16. Qb3 Be6 17. Ne3 Na5 18. Nxd5 Bxd5 19. Qb5 b6 20. Be3 e4 21. Bc2 exf3 22. g3 Bc4 23. Qb4 Bf8 24. Qa4 b5 0-1

[Event "*** Titled Tuesday Blitz"]
[Site "Chess.com"]
[Date "2020.04.14"]
[Round "3"]
[White "MPGM"]
[Black "GMAkobianSTL"]
[Result "0-1"]
[WhiteElo "2469"]
[BlackElo "2787"]
[TimeControl "180+1"]
[EndTime "10:27:21 PDT"]
[Termination "GMAkobianSTL won by resignation"]

1. d4 d5 2. Nf3 e6 3. c4 c5 4. g3 Nc6 5. Bg2 dxc4 6. O-O cxd4 7. Qa4 Bd7 8. Qxc4 e5 9. e3 Rc8 10. Rd1 Nf6 11. exd4 Nxd4 12. Qd3 Bf5 13. Qe3 Nxf3+ 14.
Bxf3 Qc7 15. Nc3 Bc5 16. Qg5 Bg6 17. Re1 O-O 18. Rxe5 h6 19. Rxc5 Qxc5 20. Qxc5 Rxc5 21. Be3 Rf5 22. Kg2 b6 23. Rd1 Bh5 24. Bxh5 Rxh5 25. Rd6 Re5 26. Bd4 Re6 27. Rxe6 fxe6 28. Nb5 Rf7 29. a4 Rd7 30. Be3 Ng4 31. Bf4 e5 32. h3 exf4 33. hxg4 fxg3 34. Kxg3 a6 35. Nc3 Rd2 36. b4 Rd3+ 0-1

[Event "*** Titled Tuesday Blitz"]
[Site "Chess.com"]
[Date "2020.04.14"]
[Round "3"]
[White "gmkomarov"]
[Black "gmelviro"]
[Result "1-0"]
[WhiteElo "2397"]
[BlackElo "2184"]
[TimeControl "180+1"]
[EndTime "10:27:21 PDT"]
[Termination "gmkomarov won by resignation"]

1. d4 f5 2. Nc3 Nf6 3. Bg5 e6 4. e4 fxe4 5. Nxe4 Be7 6. Bxf6 Bxf6 7. Qh5+ g6 8. Qh6 Qe7 9. Nxf6+ Qxf6 10. Nf3 Nc6 11.
O-O-O b6 12. d5 exd5 13. Re1+ Ne7 14. Bd3 Bb7 15. Qe3 Rf8 16. Kb1 Rf7 17. Ne5 Rg7 18. Ng4 Qf8 19. Qd4 O-O-O 20. f4 Rf7 21. Rhf1 Nf5 22.
Bxf5 Rxf5 23. g3 c5 24. Qa4 Kb8 25. Ne5 Qg7 26. Rf3 d4 27. Ra3 a6 28. b4 cxb4 29. Qxb4 b5 30. Qxd4 d6 31. Nc6+ 1-0

[Event "*** Titled Tuesday Blitz"]
[Site "Chess.com"]
[Date "2020.04.14"]
[Round "3"]
[White "tandaleo"]
[Black "lrestevez"]
[Result "1-0"]
[WhiteElo "2342"]
[BlackElo "2138"]
[TimeControl "180+1"]
[EndTime "10:27:21 PDT"]
[Termination "tandaleo won by resignation"]

1. d4 Nf6 2. c4 e5 3. dxe5 Ng4 4. e3 Nxe5 5. Nh3 Nbc6 6. Nf4 Bb4+ 7. Bd2 Bxd2+ 8. Qxd2 O-O 9. Be2 Ne7 10. O-O b6 11.
Nc3 Bb7 12. Ncd5 Nxd5 13. cxd5 d6 14. Rac1 a5 15. e4 Nd7 16. Nd3 Ba6 17. f4 Bxd3 18. Bxd3 Nc5 19. Bb1 Qf6 20. Rce1 Rfe8 21. e5 Qh6 22. Qf2 Rad8 23. a3 dxe5 24. fxe5 Rf8 25. Ba2 Nd3 26. Qe2 Nxe1 27. Rxe1 Kh8 28. e6 fxe6 29. dxe6 Rde8 30. e7 Rf6 31. h3 Rd6 32.
Bf7 Rd2 33. Bxe8 Rxe2 34. Rxe2 Qc1+ 35. Kh2 Qf4+ 36. g3 Qf3 37. Bh5 1-0